[Event "44th Chess Olympiad Open 2022"]
[Site "Chennai"]
[Date "2022.07.30"]
[Round "2.48"]
[White "Miswadah, Baha"]
[Black "Mushore, Emarald Takudzwa"]
[Result "0-1"]
[WhiteElo "1985"]
[BlackElo "2153"]
[Annotator "RC"]
[PlyCount "114"]
[EventDate "2022.??.??"]
[TimeControl "60"]

1. d4 Nf6 2. Bf4 e6 3. e3 d5 4. Nf3 Bd6 5. Bg3 O-O 6. Bd3 c5 7. c3 Nc6 8. Nbd2 Re8 9. Ne5 Ne7 10. f4 b6 11. Qf3 Bb7 12. Bf2 Qc8 13.
g4 Nd7 14. Qh3 Nf8 15. Rg1 Ba6 16. Bc2 b5 17. Qh5 Bxe5 18. dxe5 Neg6 19. Nf3 Qb7 20. Nd2 b4 21. Rb1 Qb5 22. c4 Qa5 23. Bb3 Rad8 24. Ke2 Qc7 25.
Rbd1 Qc6 26. Bg3 dxc4 27. Nxc4 Qe4 28. Rc1 Rd4 29. Kf2 Bxc4 30. Bxc4 Rxc4 31. g5 Rd8 32. Qe2 Rxc1 33. Rxc1 Rd5 34. Rc4 Qh1 35. e4 Rd1 36. Ke3 Rc1 37. Kd2 Rg1 38. Ke3 Rg2 39. Qf3 Qg1+ 40. Bf2 Qxh2 41. Rxc5 Qxf4+ 42. Qxf4 Nxf4 43. Ra5 Nh3 44. Be1 Rxb2 45. Rxa7 Nxg5 46. Kd3 Nf3 47. Bg3 g5 48. Ke3 g4 49. a4 h5 50. a5 Rb3+ 51. Kf2 Ng6 52. a6 h4 53. Bxh4 Nfxh4 54. Ra8+ Kg7 55. a7 Ra3 56. Rb8 g3+ 57. Kf1 Ra2 0-1

[Event "44th Chess Olympiad Open 2022"]
[Site "Chennai"]
[Date "2022.07.30"]
[Round "2.48"]
[White "seder mohamad"]
[Black "Mwadzura, Roy"]
[Result "1/2-1/2"]
[WhiteElo "1950"]
[BlackElo "2093"]
[Annotator "NA"]
[PlyCount "113"]
[EventDate "2022.??.??"]
[TimeControl "60"]

1. e4 e6 2. d4 d5 3. Nd2 Nf6 4. e5 Nfd7 5. f4 c5 6. c3 Nc6 7. Ndf3 Qb6 8. a3 a5 9. Ne2 f6 10. g3 a4 11. Bh3 f5 12. g4 g6 13.
gxf5 exf5 14. Bg2 Be7 15. h4 h5 16. O-O cxd4 17. cxd4 Qd8 18. Ng5 Nb6 19. Kh2 Na5 20. Nc3 Nac4 21. b3 axb3 22. Qxb3 Ra5 23. a4 O-O 24. Rd1 Kh8 25. Bd2 Bxg5 26. hxg5 Be6 27. Nb5 Nxd2 28. Rxd2 Nc4 29. Re2 Qb6 30. Rb1 Rfa8 31. Ra2 Kg8 32. Kh1 R5a6 33. Nd6 Qxd4 34. Qxb7 Qxf4 35. Bxd5 Qxe5 36. Bxc4 Qxd6 37. Bxe6+ Qxe6 38. Rc1 R6a7 39. Qc6 Qxc6+ 40. Rxc6 Ra6 41. Rac2 Rxc6 42. Rxc6 Kf7 43. Rc7+ Ke6 44.
Rc6+ Ke5 45. Rxg6 Rxa4 46. Rb6 Rh4+ 47. Kg2 Rg4+ 48. Kf3 h4 49. Rb5+ Ke6 50. Rb6+ Ke7 51. Rh6 Rxg5 52. Rxh4 Kf6 53. Ra4 Rg1 54. Ra8 Rb1 55. Rf8+ Ke6 56. Re8+ Kf7 57. Ra8 1/2-1/2

[Event "44th Chess Olympiad Open 2022"]
[Site "Chennai"]
[Date "2022.07.30"]
[Round "2.49"]
[White "Khairallah, Faisal"]
[Black "Soriano, Rudolph P."]
[Result "1-0"]
[WhiteElo "2239"]
[BlackElo "1824"]
[Annotator "ChessBase"]
[PlyCount "67"]
[EventDate "2022.??.??"]
[TimeControl "60"]

1. e4 Nc6 2. d4 e5 3. d5 Nce7 4. Nf3 Ng6 5. h4 h5 6. Bg5 Nf6 7. Be2 b6 8. g3 Qe7 9. Nfd2 Qb4 10. Nc3 a6 11. a3 Qe7 12. Bxh5 Qd6 13.
Bxg6 fxg6 14. Nc4 Qe7 15. d6 cxd6 16. Nd5 Qd8 17. Ncxb6 Rb8 18. Nxc8 Rxc8 19. Qd3 Rc6 20. O-O Be7 21. c4 O-O 22. Rac1 Nxd5 23. Qxd5+ Kh7 24. Be3 Bxh4 25. Kg2 Qf6 26. f3 g5 27. Rf2 Kg6 28.
gxh4 gxh4 29. Rg1 Kh7 30. Kh3 g6 31. Rg4 Rh8 32. f4 Qe6 33.
Qxe6 dxe6 34. Rxh4+ 1-0

[Event "44th Chess Olympiad Open 2022"]
[Site "Chennai"]
[Date "2022.07.30"]
[Round "2.49"]
[White "Khoder, Akram"]
[Black "Mafnas, Peter"]
[Result "1-0"]
[WhiteElo "2038"]
[BlackElo "2039"]
[Annotator "NA RC"]
[PlyCount "95"]
[EventDate "2022.??.??"]
[TimeControl "60"]

1. d4 d5 2. c4 c6 3. Nf3 Nf6 4. g3 Bf5 5. Nc3 e6 6. Qb3 Qb6 7. c5 Qxb3 8.
axb3 Be7 9. b4 a6 10. Bf4 O-O 11. Bg2 Nh5 12. Be3 Nd7 13. Nd2 e5 14. Nb3 Bc2 15. Na5 Rab8 16. Bh3 exd4 17. Bxd4 Bf6 18. e3 Ne5 19. Kd2 Be4 20. Nxe4 dxe4 21. Bg2 Nd3 22. Rhf1 Rfd8 23. Bxe4 Nxb4 24. Nb3 g6 25. Ke2 Bxd4 26. Nxd4 f5 27. Bf3 Nf6 28. Rfd1 Kf7 29. Ra4 Nbd5 30. Nb3 Nc7 31. Rxd8 Rxd8 32. Na5 Rb8 33. Rd4 Nfd5 34. h4 Ne6 35. Bxd5 cxd5 36. Rxd5 Rd8 37. Rxd8 Nxd8 38. Kd3 Ke6 39. Kd4 h6 40. b3 Kd7 41. Kd5 Kc7 42. f3 Kd7 43. Nxb7 Nxb7 44. c6+ Kc7 45. cxb7 Kxb7 46. g4 Kb6 47. e4 fxg4 48. fxg4 1-0

[Event "44th Chess Olympiad Open 2022"]
[Site "Chennai"]
[Date "2022.07.30"]
[Round "2.49"]
[White "Prudente, Elmer"]
[Black "El Jawich, Amro"]
[Result "0-1"]
[WhiteElo "1995"]
[BlackElo "2314"]
[Annotator "TA"]
[PlyCount "41"]
[EventDate "2022.??.??"]
[TimeControl "60"]

1. e4 c5 2. Nf3 d6 3. d4 cxd4 4. Nxd4 Nf6 5. Nc3 Nc6 6. f3 e5 7. Nb3 Be6 8. Be3 Be7 9. g4 {[%emt 0:01:43] [#] B56: Classical
Sicilian: Unusual Lines.} (9. Qe2 $14) 9... d5 $1 $17 {[%emt 0:07:45] Strongly
threatening ...d4.} 10. exd5 Nxd5 {[%emt 0:00:14] [#]} 11. Bf2
$146 (11. Nxd5 $17 {is a better defense.} Bh4+ 12. Bf2 Bxf2+
13. Kxf2 Bxd5 14. c4 Qh4+ 15. Kg1) ({Predecessor:} 11. Nxd5 Bxd5 12. Bd3 Bh4+
13. Kf1 Qf6 14. Kg2 Bg5 15. Bf2 h5 16. Be4 Bxe4 17. fxe4 {0-1 (35) Dovzhenko,V
(2191)-Radovanovic,J (2339) Pardubice 2016}) 11... Bh4 (11...
Bb4 $19 {Hoping for ...Qf6.} 12. a3 Nxc3 13. Qxd8+ Rxd8 14. axb4 {[#]} Nxb4 $1)
12. Ne4 {[%emt 0:00:19] Inhibits Qf6.} (12. Nxd5 $17 Bxf2+ 13. Kxf2 Bxd5 14. c4
Qh4+ 15. Kg1) 12... Bxf2+ $19 13. Kxf2 Qh4+ 14. Ng3 $2 (14. Kg1) 14... Rd8 15. Qe1 O-O {[%emt 0:02:16] aiming for ...f5.} 16. Nc5 $2 (16. Kg1) 16... Bc8 17. Rd1 Nd4 {[%emt 0:08:10][%cal Yd4f3] And now ...Nxf3! would win.} 18. Qe4 (18. Rd2 Bxg4 19. fxg4 Qf6+ 20. Nf5 Nxf5 21. gxf5 Qh4+ 22. Ke2 Qg4+ 23.
Kf2 Qh4+ 24. Ke2 Qh5+ 25. Kf2 Qh4+) 18... b6 {[%emt 0:07:06] Black is clearly
winning.} 19. Nb3 Nf6 20. Qd3 Nxb3 21. Ke2 {[%emt 0:02:13] White got outplayed after the
opening. Weighted Error Value: White=1.21/Black=0.23 (precise)} 0-1

[Event "44th Chess Olympiad Open 2022"]
[Site "Chennai"]
[Date "2022.07.30"]
[Round "2.49"]
[White "Estur, Gavino Aguilar"]
[Black "Kassis, Antoine"]
[Result "0-1"]
[WhiteElo "1598"]
[BlackElo "2202"]
[Annotator "ChessBase"]
[PlyCount "94"]
[EventDate "2022.??.??"]
[TimeControl "60"]

1. e4 c5 2. Nc3 a6 3. a4 e6 4. Bc4 Nf6 5. e5 d5 6. exd6 Bxd6 7. d3 h6 8. Nf3 O-O 9. O-O Nc6 10. Ne4 Nxe4 11. dxe4 Qc7 12. h3 Rb8 13. c3 b5 14. axb5 axb5 15. Bd3 Rd8 16. Qe2 c4 17. Bc2 Bb7 18. Be3 Ra8 19. Nd4 Nxd4 20. cxd4 Bh2+ 21. Kh1 Bf4 22. Qg4 Rxa1 23. Rxa1 Bxe3 24. fxe3 b4 25. Qe2 b3 26. Bd1 Bxe4 27. Rc1 Qg3 28. Rxc4 Qxh3+ 29. Kg1 Qg3 30. Bxb3 Bxg2 31. Qf2 Qh3 32. Qf4 Bd5 33. Kf2 Qg2+ 34. Ke1 Bxc4 35. Bxc4 Qxb2 36. Be2 Rc8 37. Kf2 Rc2 38. Qf3 Rxe2+ 39. Qxe2 Qxe2+ 40. Kxe2 Kf8 41. Kf3 Ke7 42. Kf4 g5+ 43. Kg4 f5+ 44. Kh5 g4 45. Kh4 Kd6 46. Kg3 Kd5 47. Kf4 h5 0-1

[Event "44th Chess Olympiad Open 2022"]
[Site "Chennai"]
[Date "2022.07.30"]
[Round "2.50"]
[White "Toczek, Grzegorz"]
[Black "Paiva, Donaldo"]
[Result "1/2-1/2"]
[WhiteElo "2287"]
[BlackElo "2191"]
[Annotator "ChessBase"]
[PlyCount "76"]
[EventDate "2022.??.??"]
[TimeControl "60"]

1. e4 c5 2. Nf3 d6 3. d4 cxd4 4. Qxd4 Nc6 5. Bb5 Bd7 6. Bxc6 Bxc6 7. Nc3 Nf6 8. Bg5 e6 9. O-O-O Be7 10. Qd3 O-O 11. Nd4 Qa5 12. Bd2 Qc7 13. f4 Rfd8 14. g4 d5 15. e5 Nd7 16. Qg3 Rac8 17. f5 Nxe5 18.
fxe6 Bd6 19. Rhf1 Re8 20. Bf4 fxe6 21. Rde1 Nd3+ 22. cxd3 e5 23. Nf5 exf4 24. Qf2 Be5 25. d4 Bf6 26. h4 Bd7 27. Rxe8+ Rxe8 28. Qxf4 Qxf4+ 29. Rxf4 Bxf5 30. gxf5 Rd8 31.
Kc2 h5 32. Kd3 Kh7 33. Rf1 Kh6 34. Rh1 Rd7 35. Ne2 Re7 36. Nc3 Rd7 37. Ne2 Re7 38. Nc3 Rd7 1/2-1/2

[Event "44th Chess Olympiad Open 2022"]
[Site "Chennai"]
[Date "2022.07.30"]
[Round "2.50"]
[White "Kett, Tim"]
[Black "Napoleao, Lourenco"]
[Result "1/2-1/2"]
[WhiteElo "2197"]
[BlackElo "1778"]
[Annotator "RC"]
[PlyCount "110"]
[EventDate "2022.??.??"]
[TimeControl "60"]

1. e4 c5 2. Nf3 d6 3. d4 cxd4 4. Nxd4 Nf6 5. Nc3 g6 6. Be3 Bg7 7. f3 O-O 8. Qd2 Nc6 9. Bc4 Nxd4 10. Bxd4 Be6 11. Bxe6 fxe6 12. O-O-O Qa5 13. Kb1 Rac8 14. Rhe1 Nd7 15. Bxg7 Kxg7 16. Ne2 Qxd2 17. Rxd2 Kf7 18. b3 g5 19. c4 Rc5 20. Nc1 Ne5 21. Nd3 Nxd3 22. Rxd3 Rfc8 23. Re2 a6 24. Kb2 h5 25. g3 Rh8 26. f4 gxf4 27. gxf4 Rg8 28. Rg3 Rg4 29. Rxg4 hxg4 30. Rg2 Rh5 31. Kc3 b6 32. Kd4 Kf6 33. b4 a5 34. bxa5 Rxa5 35. Rxg4 e5+ 36. fxe5+ dxe5+ 37. Kc3 Rxa2 38. Rh4 Kg6 39. Rh8 Kg7 40. Rb8 Rxh2 41. Rxb6 Rh3+ 42. Kb4 Re3 43. c5 Rxe4+ 44. Kb5 Kf7 45. Kc6 Re1 46. Kb7 Rc1 47. c6 Ke6 48. Rb2 e4 49. c7 Kd5 50. c8=Q Rxc8 51. Kxc8 e3 52. Kd7 Kd4 53. Kxe7 Kd3 54. Ke6 e2 55. Rxe2 Kxe2 1/2-1/2

[Event "44th Chess Olympiad Open 2022"]
[Site "Chennai"]
[Date "2022.07.30"]
[Round "2.50"]
[White "Vasco Mateus Felizardo Viagei"]
[Black "Blackburn, Jonathan L B"]
[Result "0-1"]
[WhiteElo "1852"]
[BlackElo "2176"]
[Annotator "ChessBase"]
[PlyCount "66"]
[EventDate "2022.??.??"]
[TimeControl "60"]

1. e4 e6 2. d4 d5 3. Nc3 Bb4 4. e5 b6 5. Bb5+ c6 6. Bd3 Ba6 7. Nge2 Qc8 8.
O-O Bf8 9. f4 Ne7 10. Kh1 h5 11. Be3 Bxd3 12. Qxd3 Qa6 13. Qd2 Nf5 14. Bf2 c5 15. Rad1 Nc6 16. a4 Rc8 17. dxc5 bxc5 18. Ne4 Qc4 19. N2c3 Ncd4 20. b3 Qb4 21. Ng5 Be7 22. Be1 a6 23. Qf2 Qb7 24. a5 h4 25. Qd2 Qc7 26. Na4 Bxg5 27. fxg5 Qxe5 28. Nb6 Rd8 29. Bf2 Ng3+ 30. Bxg3 hxg3 31. h3 Qe4 32. Rde1 Rxh3+ 33. Kg1 Rh1+ 0-1

[Event "44th Chess Olympiad Open 2022"]
[Site "Chennai"]
[Date "2022.07.30"]
[Round "2.50"]
[White "Rafael Chirinza"]
[Black "Pleasants, Allan J"]
[Result "1/2-1/2"]
[WhiteElo "1725"]
[BlackElo "2024"]
[Annotator "NA RC"]
[PlyCount "112"]
[EventDate "2022.??.??"]
[TimeControl "60"]

1. d4 Nf6 2. Nf3 g6 3. Bf4 Bg7 4. e3 O-O 5. h3 d6 6. Nbd2 Nbd7 7. Bc4 Qe8 8. Bh2 a6 9. a4 b6 10. c3 Bb7 11. Qb3 e5 12. O-O Qe7 13.
Rfd1 h6 14. Rac1 Rae8 15. Qa2 e4 16. Ne1 d5 17. Bf1 c5 18.
Qa3 Qe6 19. c4 Rc8 20. cxd5 Nxd5 21. dxc5 Rxc5 22. Nb3 Rxc1 23.
Nxc1 Rc8 24. Ne2 Ne5 25. Nd4 Qe8 26. Qb3 Kh7 27. Nec2 Rd8 28. Na3 Nc6 29. Nac2 Nxd4 30. Nxd4 Qe7 31. Bc4 Be5 32. Bxe5 Qxe5 33. Bxd5 Bxd5 34. Qxb6 Rb8 35. Nc6 Bxc6 36. Qxc6 Rxb2 37. Qxa6 Qf5 38. Qf1 Qf6 39. Rd4 Qb6 40. Kh2 Qf6 41. Kg1 Qb6 42. g3 Rb1 43. Rd1 Rb2 44. Qc4 Qf6 45. Rf1 Qf5 46. Qd4 Ra2 47. Qc4 Rb2 48. Qc3 Ra2 49. Qb3 Rd2 50. a5 Rd7 51. Qb6 h5 52. a6 h4 53. a7 Qxh3 54. Qb8 hxg3 55. fxg3 Rxa7 56. Qxa7 Qxg3+ 1/2-1/2

[Event "44th Chess Olympiad Open 2022"]
[Site "Chennai"]
[Date "2022.07.30"]
[Round "2.51"]
[White "Eiti, Bashir"]
[Black "Al Ibrahim, Abdulrahman"]
[Result "1-0"]
[WhiteElo "2337"]
[BlackElo "1822"]
[Annotator "ChessBase"]
[PlyCount "61"]
[EventDate "2022.??.??"]
[TimeControl "60"]

1. d4 d5 2. Bf4 Nf6 3. e3 e6 4. Nf3 c5 5. c3 Bd6 6. Bb5+ Nc6 7. Qa4 Bxf4 8. exf4 Qb6 9. dxc5 Qxc5 10. Nbd2 Bd7 11. O-O O-O 12. Rad1 Rfd8 13. Bxc6 bxc6 14. Ne5 Qb6 15. Qa3 c5 16. c4 a5 17. Nb3 Be8 18. Rc1 Ne4 19. cxd5 Rxd5 20. Nc4 Qb5 21. Rfe1 Nf6 22. Ne3 Rdd8 23. Qxc5 Qa4 24. Qc4 Qxa2 25. Ra1 Qxb2 26. Reb1 Bb5 27. Qxb5 Qc3 28. Rc1 Qb2 29. Nd1 Rxd1+ 30. Rxd1 Ng4 31. Rd2 1-0

[Event "44th Chess Olympiad Open 2022"]
[Site "Chennai"]
[Date "2022.07.30"]
[Round "2.51"]
[White "Al-Hajiri, Bader"]
[Black "Chekh Adm Khedr, Aram"]
[Result "0-1"]
[WhiteElo "2011"]
[BlackElo "2147"]
[Annotator "NA"]
[PlyCount "72"]
[EventDate "2022.??.??"]
[TimeControl "60"]

1. d4 d5 2. c4 dxc4 3. e4 Nf6 4. f3 g6 5. Bxc4 Bg7 6. Ne2 O-O 7. Be3 a6 8. a3 b5 9. Ba2 Bb7 10. Nbc3 e6 11. Qd2 Nbd7 12. O-O Qe7 13.
Rac1 Rac8 14. Bg5 e5 15. Nd5 Bxd5 16. exd5 Rfe8 17. Rfe1 Qf8 18. dxe5 Nxe5 19. Nd4 Nfd7 20. Ne6 Qd6 21. f4 Qb6+ 22. Kh1 Ng4 23. h3 Nf2+ 24. Kh2 fxe6 25. dxe6 Nf6 26. e7+ Kh8 27. Bf7 N2e4 28. Rxe4 Nxe4 29. Qd7 Nf6 30. Bxe8 Nxd7 31. Bxd7 Rb8 32. Rd1 Bf6 33. e8=Q+ Rxe8 34. Bxe8 Bxg5 35. fxg5 Qe3 36. Bc6 Qxg5 0-1

[Event "44th Chess Olympiad Open 2022"]
[Site "Chennai"]
[Date "2022.07.30"]
[Round "2.51"]
[White "Alhejab, Meshal"]
[Black "Koniahli, Malek."]
[Result "*"]
[WhiteElo "1732"]
[BlackElo "2238"]
[Annotator "RC"]
[PlyCount "150"]
[EventDate "2022.??.??"]
[TimeControl "60"]

1. e4 c5 2. Nf3 Nc6 3. Bb5 g6 4. Bxc6 dxc6 5. d3 Bg7 6.
Nc3 c4 7. O-O cxd3 8. cxd3 e5 9. h3 f6 10. d4 exd4 11. Nxd4 Nh6 12. Be3 Nf7 13. f4 O-O 14. Qc2 Qe7 15. Rfe1 Re8 16. Rad1 Bd7 17. a4 Rad8 18. Bf2 Bh6 19. Bg3 Bc8 20. Kh1 Qc5 21. Nf3 Qh5 22. Nh2 Be6 23. Qf2 b6 24. Bh4 Bg7 25. g4 Qc5 26. Qxc5 bxc5 27. Nf3 Bc4 28. Kg2 Rb8 29. Rd2 Red8 30. Red1 Re8 31. Rc1 h6 32. Bf2 Bf8 33. e5 f5 34. gxf5 gxf5 35. Nh4 Be6 36. Ng6 a6 37. Nxf8 Rxf8 38. Bxc5 Rfd8 39. Rcd1 Re8 40. Kf3 Kh7 41. a5 Rg8 42. b4 Rg6 43. Rg2 Rxg2 44. Kxg2 Rg8+ 45. Kf2 Rd8 46. Rxd8 Nxd8 47. Bb6 Nb7 48. Ne2 Kg6 49. Nd4 Bd5 50. Kg3 Be4 51. Kh4 Bd5 52. Kg3 Be4 53. Ne6 Bd5 54. Nc7 Bc4 55. Kh4 Be2 56. Ne6 Bc4 57. Nf8+ Kf7 58. Nd7 Kg6 59. e6 Bb5 60. Bc7 Ba4 61. e7 Kf7 62. Bd8 Nd6 63.
Nf6 Bd1 64. Nd7 Ba4 65. Kh5 Ne4 66. Kxh6 Nf2 67. Nc5 Bb5 68. Nb7 Ne4 69. h4 Be2 70. Nc5 Bb5 71. h5 Be2 72. Ne6 Nf6 73.
Nc7 Bd3 74. Kg5 Nh7+ 75. Kh4 Nf6 *

[Event "44th Chess Olympiad Open 2022"]
[Site "Chennai"]
[Date "2022.07.30"]
[Round "2.51"]
[White "Fandi, Mazen."]
[Black "Hashem, Khaled"]
[Result "1/2-1/2"]
[WhiteElo "1715"]
[BlackElo "1870"]
[Annotator "NA RC"]
[PlyCount "112"]
[EventDate "2022.??.??"]
[TimeControl "60"]

1. e4 e5 2. Nf3 Nc6 3. Bc4 Bc5 4. d3 d6 5. c3 Nf6 6. Nbd2 a6 7. Bb3 O-O 8. O-O Ba7 9. h3 Ne7 10. Re1 Ng6 11. Nf1 Re8 12. Ng3 Be6 13.
Be3 Bxe3 14. fxe3 h6 15. Bxe6 Rxe6 16. Nf5 d5 17. exd5 Qxd5 18. e4 Qd7 19. Qc2 Rd8 20. Rad1 c5 21. g3 b5 22. Kh2 a5 23. b3 Ra6 24. c4 b4 25. Ne3 a4 26. Nd5 Rda8 27. Qf2 Qa7 28. Re2 axb3 29. axb3 Ra2 30. Rxa2 Qxa2 31. Qxa2 Rxa2+ 32. Rd2 Ra3 33.
Rb2 Nd7 34. Kg2 Kf8 35. Kf2 Ne7 36. Ne1 Nc6 37. Nc2 Ra7 38.
Ke1 f6 39. Kd2 Kf7 40. Nde3 Nf8 41. Nf5 Ne6 42. Kc1 Ned4 43. Nfxd4 Nxd4 44. Nxd4 Ra1+ 45. Rb1 Rxb1+ 46. Kxb1 exd4 47. Kc2 Ke6 48.
Kd2 h5 49. Ke2 g5 50. g4 hxg4 51. hxg4 Ke5 52. Kf3 Kd6 53. Kg3 Ke6 54. Kf3 Ke5 55. Kg3 Ke6 56. Kf3 Ke5 1/2-1/2

[Event "44th Chess Olympiad Open 2022"]
[Site "Chennai"]
[Date "2022.07.30"]
[Round "2.52"]
[White "Nassr, Ali"]
[Black "Chinasamy, Devarajen"]
[Result "1-0"]
[WhiteElo "2263"]
[BlackElo "1970"]
[Annotator "RC"]
[PlyCount "69"]
[EventDate "2022.??.??"]
[TimeControl "60"]

1. d4 d5 2. c4 c6 3. Nc3 Nf6 4. Nf3 a6 5. cxd5 cxd5 6. Bf4 Nc6 7. e3 Bg4 8. h3 Bf5 9. Bd3 Bxd3 10. Qxd3 e6 11. O-O Be7 12. Rac1 O-O 13.
a3 Rc8 14. Na4 Ne4 15. b4 b5 16. Nc5 Nxc5 17. dxc5 f6 18. Qb3 Kh8 19. Rcd1 Qe8 20. Rfe1 Qf7 21. Bg3 Ne5 22. e4 Nxf3+ 23. Qxf3 dxe4 24. Qxe4 e5 25. Rd7 Rcd8 26. Red1 Rxd7 27. Rxd7 Qe6 28. Ra7 Rb8 29. Ra8 Qc8 30. Rxb8 Qxb8 31. Qc6 h6 32. Qxa6 Bd8 33. a4 bxa4 34. Qxa4 f5 35. Qe8+ 1-0

[Event "44th Chess Olympiad Open 2022"]
[Site "Chennai"]
[Date "2022.07.30"]
[Round "2.52"]
[White "Djabri, Massinas"]
[Black "Goorsahye, Antoine"]
[Result "1-0"]
[WhiteElo "2206"]
[BlackElo "1783"]
[Annotator "ChessBase"]
[PlyCount "79"]
[EventDate "2022.??.??"]
[TimeControl "60"]

1. d4 Nf6 2. c4 c5 3. d5 b5 4. cxb5 a6 5. b6 g6 6. Nc3 Bg7 7. a4 Qxb6 8. a5 Qc7 9. e4 d6 10. h3 O-O 11. Nf3 e6 12. Be2 exd5 13. exd5 Re8 14. O-O Nbd7 15. Ra4 Rb8 16. Re1 Rb4 17. Bc4 Rxe1+ 18. Qxe1 Bb7 19. Qd1 Qd8 20. Bf4 Qe7 21. Qd3 Nh5 22. Bg5 f6 23. Bc1 Ne5 24. Nxe5 Qxe5 25. Rxb4 cxb4 26. Ne2 f5 27. Bxa6 Bxd5 28. Bc4 Bf7 29. Bxf7+ Kxf7 30. Qc4+ d5 31. Qb5 Bf8 32. a6 Bd6 33. a7 Qh2+ 34. Kf1 Qh1+ 35. Ng1 Bh2 36. Qxd5+ Kf6 37. Qd4+ Kf7 38. Qc4+ Kf6 39. a8=Q Qxg1+ 40. Ke2 1-0

[Event "44th Chess Olympiad Open 2022"]
[Site "Chennai"]
[Date "2022.07.30"]
[Round "2.52"]
[White "Marie, Patrick"]
[Black "Araoun, Saadi"]
[Result "0-1"]
[WhiteElo "1921"]
[BlackElo "2049"]
[Annotator "NA"]
[PlyCount "84"]
[EventDate "2022.??.??"]
[TimeControl "60"]

1. d4 Nf6 2. c4 g6 3. Nc3 Bg7 4. e4 d6 5. Nf3 O-O 6. Be2 e5 7. O-O Nc6 8.
dxe5 dxe5 9. Bg5 Qe8 10. Qd2 Bg4 11. Bxf6 Bxf6 12. Nd5 Bd8 13. Rac1 Bxf3 14. Bxf3 Nd4 15. Rc3 c6 16. Nb4 Ba5 17. Rd3 Qe6 18. Bd1 c5 19. Qh6 cxb4 20. Rh3 Rfd8 21. Bg4 Qf6 22. Qxh7+ Kf8 23. c5 Ke7 24. Qh6 g5 25. Qxf6+ Kxf6 26. Rh6+ Kg7 27. Rd6 Bc7 28. Rd5 Ne6 29. Rfd1 Rxd5 30. Rxd5 Rd8 31. Rxd8 Bxd8 32. Bxe6 fxe6 33. Kf1 Be7 34. Ke2 Bxc5 35. f3 Kf6 36. g3 Bg1 37. h3 Ke7 38. Kd3 b5 39. b3 Bf2 40. g4 Kd6 41. Kc2 Kc5 42. Kd3 Bg3 0-1

[Event "44th Chess Olympiad Open 2022"]
[Site "Chennai"]
[Date "2022.07.30"]
[Round "2.52"]
[White "Naipal, Hoolan"]
[Black "Brahami, Lamine"]
[Result "0-1"]
[WhiteElo "1785"]
[BlackElo "2189"]
[Annotator "RC"]
[PlyCount "100"]
[EventDate "2022.??.??"]
[TimeControl "60"]

1. e4 c5 2. Nf3 d6 3. Bb5+ Nd7 4. O-O e6 5. c3 a6 6. Bd3 Ne7 7. Bc2 Ng6 8. d4 Be7 9. a4 b6 10. Qe2 O-O 11. Rd1 Qc7 12. Be3 Bb7 13. Nbd2 cxd4 14. Nxd4 Rfe8 15. Rac1 Bf8 16. f3 d5 17. exd5 exd5 18. Qf2 Bc5 19. Re1 Re5 20. Nf1 Nf6 21. b4 Bf8 22. Nf5 Qd7 23. N1g3 Rxe3 24. Qxe3 Qc7 25. Bb3 a5 26. Nd4 axb4 27. cxb4 Qd6 28. Qd2 Qxb4 29. Qxb4 Bxb4 30. Red1 Bc5 31. Kh1 h5 32. Nge2 h4 33. h3 Ba6 34. Nc3 Nf4 35. Ncb5 Rd8 36. Kh2 Bc8 37. Bc2 g6 38. Kh1 Bd7 39. Kh2 N6h5 40. Re1 Bxb5 41. Nxb5 d4 42. Rcd1 d3 43. Bb3 Ng3 44. Nc3 Bb4 45. Ne4 Bxe1 46. Rxe1 Nxe4 47. fxe4 d2 48. Rf1 g5 49. g3 hxg3+ 50. Kxg3 Rd3+ 0-1

[Event "44th Chess Olympiad Open 2022"]
[Site "Chennai"]
[Date "2022.07.30"]
[Round "2.53"]
[White "Ahmad, Al Khatib"]
[Black "Salim Mohammed, Salim Al Amri"]
[Result "0-1"]
[WhiteElo "2244"]
[BlackElo "1917"]
[Annotator "ChessBase"]
[PlyCount "100"]
[EventDate "2022.??.??"]
[TimeControl "60"]

1. e4 c5 2. Nf3 Nc6 3. d4 cxd4 4. Nxd4 Nf6 5. Nc3 d6 6. Bc4 g6 7. Nxc6 bxc6 8. e5 Ng4 9. e6 f5 10. Bf4 Bg7 11. Qf3 Qb6 12. O-O Ne5 13.
Bxe5 Bxe5 14. Bb5 Bb7 15. Nd5 cxb5 16. Nxb6 Bxf3 17. Nxa8 Bxa8 18. c3 f4 19. a4 b4 20. cxb4 O-O 21. Rac1 d5 22. Rfe1 Bd6 23. b5 Kg7 24. f3 Kf6 25. Re2 Rb8 26. Kf1 Bb7 27. g4 fxg3 28.
hxg3 Bxg3 29. a5 Bc8 30. Kg2 Bd6 31. Rc6 Bxe6 32. b6 axb6 33.
a6 h5 34. b4 h4 35. b5 h3+ 36. Kh1 Bd7 37. Rxb6 Rxb6 38. a7 Rxb5 39. Re1 Ra5 40. Rd1 Rxa7 41. Kg1 Bg3 42. Rb1 d4 43. Rc1 e6 44. Kf1 Ra2 45. Kg1 Bc6 46. Rf1 d3 47. Kh1 Kg7 48. Kg1 d2 49. Rb1 d1=Q+ 50. Rxd1 h2+ 0-1

[Event "44th Chess Olympiad Open 2022"]
[Site "Chennai"]
[Date "2022.07.30"]
[Round "2.53"]
[White "Salim Al Maashani Amer Said"]
[Black "Mansour, Sameer"]
[Result "1-0"]
[WhiteElo "2038"]
[BlackElo "2275"]
[Annotator "RC"]
[PlyCount "145"]
[EventDate "2022.??.??"]
[TimeControl "60"]

1. e4 c5 2. Nf3 Nc6 3. Bb5 g6 4. Bxc6 dxc6 5. d3 Bg7 6. h3 Nf6 7. Nc3 Nd7 8. Be3 e5 9. Qd2 h6 10. O-O b6 11. Nh2 Nf8 12. f4 exf4 13.
Bxf4 Ne6 14. Bg3 Qg5 15. Qxg5 hxg5 16. Ng4 Nd4 17. Be5 Bxe5 18. Nxe5 Be6 19. Rf2 Ke7 20. Raf1 Rh7 21. Nd1 g4 22. c3 g3 23. Rd2 Nb5 24. Rf3 Rh5 25. Ng4 Bxa2 26. Rxg3 Be6 27. Rf3 Nd6 28. Re2 Nb5 29. Nf6 Rhh8 30. Ne3 Kd6 31. Nc4+ Kc7 32. Ne5 Rad8 33. Kf2 a5 34. Nfg4 Rh7 35. Nf6 Rhh8 36. Nfg4 Nd6 37. Rf6 a4 38. Ke3 b5 39. Ref2 Rh7 40. Rf1 Ra8 41. Ra1 Ra6 42. Rf2 Rh8 43. d4 cxd4+ 44. cxd4 Rha8 45. Rc2 a3 46. bxa3 Rxa3+ 47. Rxa3 Rxa3+ 48. Kf4 Nc4 49. Nxc4 bxc4 50. Ke5 Rd3 51. Nf6 c3 52. d5 cxd5 53. Nxd5+ Bxd5 54. exd5 Kd7 55. Ke4 Rd2 56. Rxc3 Rxg2 57. Ra3 Re2+ 58. Kd4 Rh2 59. Ra7+ Ke8 60. d6 Rxh3 61. Re7+ Kf8 62. Re2 Rh1 63. Kc5 Rd1 64. Kc6 f5 65. d7 Kf7 66. Re8 Kf6 67. d8=Q+ Rxd8 68. Rxd8 Ke5 69. Kc5 Ke4 70. Kc4 Ke3 71. Re8+ Kd2 72. Kd4 Kd1 73. Ke5 1-0

[Event "44th Chess Olympiad Open 2022"]
[Site "Chennai"]
[Date "2022.07.30"]
[Round "2.53"]
[White "Boshra, Alshaeby"]
[Black "Al Kathiri, Mana"]
[Result "0-1"]
[WhiteElo "1854"]
[BlackElo "1598"]
[Annotator "NA RC"]
[PlyCount "72"]
[EventDate "2022.??.??"]
[TimeControl "60"]

1. e4 c6 2. d4 d5 3. e5 Bf5 4. Nd2 e6 5. Nb3 Nd7 6. Nf3 Qc7 7. Be2 c5 8.
dxc5 Nxc5 9. Nxc5 Bxc5 10. Bb5+ Kf8 11. O-O Ne7 12. b4 Bxb4 13. Bd3 Bg4 14. Rb1 Bc5 15. h3 Bh5 16. Re1 Nc6 17. g4 Bg6 18.
Kg2 Rd8 19. Qe2 Nd4 20. Nxd4 Bxd4 21. Ba3+ Kg8 22. Bd6 Qc6 23. f4 Bxd3 24. Qxd3 Bb6 25. f5 Rc8 26. Re2 g6 27. Be7 Bd8 28. Ba3 Kg7 29. f6+ Kg8 30. Rb3 h5 31. Kg3 Bb6 32. Rh2 Qc4 33.
Re2 Rc6 34. Qf3 Qd4 35. Ree3 Rxc2 36. Rbd3 h4# 0-1

[Event "44th Chess Olympiad Open 2022"]
[Site "Chennai"]
[Date "2022.07.30"]
[Round "2.53"]
[White "Al Busaidi, Hamood"]
[Black "Aboudi, Marwan"]
[Result "0-1"]
[WhiteElo "1743"]
[BlackElo "2144"]
[Annotator "NA"]
[PlyCount "54"]
[EventDate "2022.??.??"]
[TimeControl "60"]

1. e4 c5 2. Nf3 d6 3. d4 cxd4 4. Nxd4 Nf6 5. Nc3 Nc6 6. h3 e6 7. Be3 Be7 8. Be2 O-O 9. Qd2 a6 10. a4 Bd7 11. g4 Nxd4 12. Bxd4 Bc6 13. Qe3 b5 14. axb5 axb5 15. Rxa8 Qxa8 16. Bxf6 Bxf6 17. O-O b4 18. Nb5 Bxe4 19. Nxd6 Bxc2 20. Bf3 Qa2 21. b3 Bxb3 22. g5 Be7 23. Nb5 Bc4 24. Nc7 Bxf1 25. Kxf1 Qc4+ 26. Be2 Qxc7 27. g6 hxg6 0-1